 Dungeon Crawl Stone Soup version 0.14-a0-1403-g5d3c58f (webtiles) character file.

152 4tharraofdagon the Twirler (level 5, -6/37 HPs)
             Began as a Formicid Gladiator on Dec 10, 2013.
             Was an Initiate of the Shining One.
             Mangled by an ogre
             ... wielding a +0,+0 giant club
              (19 damage)
             ... on Level 3 of the Dungeon.
             The game lasted 00:05:55 (738 turns).

4tharraofdagon the Twirler (Formicid Gladiator)      Turns: 738, Time: 00:05:55

HP  -6/37        AC  4     Str 21      XL: 5   Next:  6%
MP   5/5         EV  7     Int  7      God: the Shining One [......]
Gold 66          SH 27     Dex 11      Spells:  0 memorised,  4 levels left

rFire  . . .     SeeInvis +     a - +0 quarterstaff
rCold  . . .     Clarity  .     b - +0 leather armour
rNeg   . . .     Conserve .     i - +0 dwarf large shield
rPois  x         rCorr    .     (helmet unavailable)
rElec  .         rRot     .     (no cloak)
SustAb . .       Spirit   .     (no gloves)
rMut   .         Warding  .     (no boots)
Saprov . . .     Stasis   +     (no amulet)
                                (no ring)
                                (no ring)

@: slightly resistant to hostile enchantments, very unstealthy
A: permanent stasis, dig shafts and tunnels, four strong arms, poison weakness,
antennae 3, exoskeleton 1
a: Dig, Shaft Self, Renounce Religion


You were on level 3 of the Dungeon.
You worshipped the Shining One. the Shining One was noncommittal.
You were not hungry.

You visited 1 branch of the dungeon, and saw 3 of its levels.

You collected 66 gold pieces.

Inventory:

Hand weapons
 a - a +0,+0 quarterstaff (weapon)
Missiles
 d - a throwing net (quivered)
 n - a throwing net [frayed]
Armour
 b - a +0 leather armour (worn)
 i - a +0 dwarven large shield (worn)
Comestibles
 f - a bread ration
Scrolls
 g - a scroll of blinking {unknown}
 j - a scroll of identify {unknown}
 l - a scroll of remove curse {unknown}
 m - a scroll of random uselessness
Potions
 c - 2 potions of paralysis
 h - a potion of invisibility {unknown}
 k - a potion of magic {unknown}


   Skills:
 + Level 3.0 Fighting
 * Level 4.1 Staves
 - Level 1.5 Throwing
 + Level 1.0 Armour
 - Level 2.6 Dodging
 * Level 1.2 Shields


You had 4 spell levels left.
You didn't know any spells.

Dungeon Overview and Level Annotations

Branches:
Dungeon (3/16)

Altars:
the Shining One


Innate Abilities, Weirdness & Mutations

Your are under a permanent stasis effect.
You can dig through walls and to a lower floor.
Your four strong arms can wield any weapon, most with a shield.
You are susceptible to poison.
You have a pair of large antennae on your head (SInv).
Your body is surrounded by an exoskeleton. (HP +5, AC +1)


Message History

The ogre hits you with a giant club!
Your shield prevents you from hitting the ogre.
The ogre is moderately wounded.
You block the ogre's attack.
You hit the ogre.
The ogre is heavily wounded.
The ogre hits you with a giant club!
Ouch! That really hurt!
* * * LOW HITPOINT WARNING * * *
Drink which item? (? for menu, Esc to quit)
You feel better.
It was a potion of curing.
The ogre closely misses you.
Unknown command.
Drink which item? (? for menu, Esc to quit)
Your stasis keeps you stable.
It was a potion of paralysis.
Unknown command.
You hit the ogre.
The ogre is severely wounded.
The ogre hits you with a giant club!
Ouch! That really hurt!
You die...

. ..... #. #.? .# #.
#.. .# #. #.. .#
#.####. #.# .#
...<... #.# .#
....... #.# .#
..!.....##%##.#.#####
.........@O..........
....$..$##.##.#.#####
....... #.# .#
######. #.# .# #. #.#
.# .s ... .. .# ...
#. . ... . .


You could see an ogre.

Vanquished Creatures
  A worker ant (D:3)
  3 adders (D:2)
  A giant mite (D:1)
  A giant gecko (D:1)
  A bat (D:3)
  4 giant cockroaches
  8 goblins
  3 hobgoblins
  3 kobolds
  2 giant newts (D:1)
  A rat (D:1)
28 creatures vanquished.

Notes
Turn   | Place    | Note
--------------------------------------------------------------
     0 | D:1      | 4tharraofdagon, the Formicid Gladiator, began the quest for the Orb.
     0 | D:1      | Reached XP level 1. HP: 17/17 MP: 1/1
     0 | D:1      | Ladykiller69: staves
     6 | D:1      | Ladykiller69: thats the imporant thing
    48 | D:1      | Daniel: staves are not bod
    51 | D:1      | Ladykiller69: tho I dont know which god you should take
    87 | D:1      | Daniel: the problem is that there are way more better weapons
    94 | D:1      | 4tharraofdagon: fedhas?
   100 | D:1      | Reached XP level 2. HP: 22/22 MP: 2/2
   126 | D:1      | Daniel: chei
   147 | D:1      | Ladykiller69: fedhas sounds like a good idea for your purposes I think
   161 | D:2      | Ladykiller69: then again
   179 | D:2      | Ladykiller69: fedhas isnt exactly the killhole god?
   179 | D:2      | Reached XP level 3. HP: 24/27 MP: 3/3
   208 | D:2      | hurdos: noway :)
   208 | D:2      | 4tharraofdagon: god of instawin
   208 | D:2      | 4tharraofdagon: not
   247 | D:2      | Found a glowing golden altar of the Shining One.
   253 | D:2      | hurdos: get TSO
   258 | D:2      | Ladykiller69: why
   258 | D:2      | Ladykiller69: would he
   258 | D:2      | 4tharraofdagon: i dont know
   258 | D:2      | hurdos: why not :)
   258 | D:2      | Ladykiller69: tso isnt so
   258 | D:2      | Ladykiller69: good
   258 | D:2      | Ladykiller69: whatsoever
   258 | D:2      | Ladykiller69: at least at this stage
   258 | D:2      | 4tharraofdagon: hmm
   258 | D:2      | hurdos: LOL
   258 | D:2      | Daniel: go chei
   258 | D:2      | 4tharraofdagon: you know
   258 | D:2      | Ladykiller69: chei might actually be good...
   258 | D:2      | 4tharraofdagon: holy lata sounds riddiculously good
   261 | D:2      | Became a worshipper of the Shining One
   368 | D:1      | Ladykiller69: oh my
   393 | D:1      | Reached XP level 4. HP: 29/32 MP: 4/4
   395 | D:1      | Reached skill level 4 in Staves
   605 | D:1      | hurdos: go deeper
   716 | D:3      | Reached skill level 1 in Armour
   716 | D:3      | Reached skill level 1 in Shields
   716 | D:3      | Reached XP level 5. HP: 35/37 MP: 5/5
   720 | D:3      | Noticed an ogre
   729 | D:3      | Yermak: lol
   738 | D:3      | Mangled by an ogre

Action                   |  1- 3 |  4- 6 || total
-------------------------+-------+-------++-------
Melee: Quarterstaff      |    31 |    35 ||    66
Throw: Throwing net      |     8 |     3 ||    11
  Use: Potion            |       |     2 ||     2
       Scroll            |       |     1 ||     1
 Stab: Held in net/web   |     1 |     1 ||     2
       Sleeping          |       |     1 ||     1
